 Dungeon Crawl Stone Soup version 0.21-a0-440-g28109cb (webtiles) character file.

214 tof the Slasher (level 5, 0/42 HPs)
             Began as a Demonspawn Berserker on Nov 10, 2017.
             Was a Priest of Trog.
             Succumbed to a worker ant's poison
             ... on level 4 of the Dungeon.
             The game lasted 00:07:04 (3259 turns).

tof the Slasher (Demonspawn Berserker)              Turns: 3259, Time: 00:07:04

Health: 0/42       AC:  8    Str: 17    XL:     5   Next: 60%
Magic:  5/5        EV:  6    Int:  9    God:    Trog [***...]
Gold:   192        SH:  3    Dex: 13    Spells: 4/4 levels left

rFire    . . .     SeeInvis .   x - +0 scimitar
rCold    + . .     Gourm    .   n - +0 buckler
rNeg     . . .     Faith    .   e - +0 chain mail {rC+}
rPois    .         Spirit   .   (no helmet)
rElec    .         Reflect  .   w - scarf {cloud immunity}
rCorr    .         Harm     .   (no gloves)
MR       .....                  (no boots)
Stlth    ..........             (no amulet)
HPRegen  0.14/turn              (no ring)
MPRegen  0.09/turn              (no ring)

@: lethally poisoned (0 -> -3), heavily drained
A: claws 1, hooves 1
a: Berserk, Trog's Hand, Burn Spellbooks, Renounce Religion


You were on level 4 of the Dungeon.
You worshipped Trog.
Trog was most pleased with you.
You were not hungry.

You visited 1 branch of the dungeon, and saw 4 of its levels.

You collected 192 gold pieces.

Inventory:

Hand Weapons
 a - a +0 falchion
 x - a +0 scimitar (weapon)
Missiles
 t - a throwing net (quivered)
 v - 16 poisoned needles
Armour
 b - a +0 animal skin
 e - a +0 chain mail of cold resistance (worn)
 n - a +0 buckler (worn)
 w - a scarf of cloud immunity (worn)
Scrolls
 d - 3 scrolls of identify {unknown}
 f - 4 scrolls of remove curse {unknown}
 i - a scroll of fog {unknown}
 o - 2 scrolls of amnesia {unknown}
 p - a scroll of enchant weapon {unknown}
Potions
 h - a potion of brilliance {unknown}
 k - 3 potions of curing {unknown}
 l - a potion of heal wounds {unknown}
 m - a potion of ambrosia {unknown}
 r - 2 potions of flight {unknown}
 s - a potion of cancellation {unknown}
 u - a potion of berserk rage {unknown}
Comestibles
 c - a bread ration
 g - 4 meat rations
 q - a royal jelly


   Skills:
 + Level 3.9(2.6) Fighting
 * Level 4.1(2.9) Long Blades
 + Level 2.7(1.5) Armour
 + Level 2.8(1.6) Dodging
 + Level 0.7(0.0) Shields


You had 4 spell levels left.
You didn't know any spells.

Dungeon Overview and Level Annotations

Branches:
Dungeon (4/15)
 Temple: D:4-7

Altars:
Nemelex Xobeh
Xom


Innate Abilities, Weirdness & Mutations

You have sharp fingernails.
You have large cloven feet.


Message History

You riposte.
You slash the worker ant!
The worker ant is almost dead.
You slash the worker ant!
You kill the worker ant!
Trog accepts your kill.
You feel sick.
You hit the phantom.
The phantom is moderately damaged.
You feel sick. The phantom hits you. x2
* * * LOW HITPOINT WARNING * * *
You closely miss the phantom. Your kick misses the phantom.
The phantom is moderately damaged.
The phantom hits you.
* * * LOW HITPOINT WARNING * * *
You feel sick. The phantom hits you.
* * * LOW HITPOINT WARNING * * *
* * * LOW HITPOINT WARNING * * *
You feel sick.
The phantom blinks!
You die...

.# ###########.####.
#................
#$.......h.# #.......a..#
#..........#
#......#+###############
#..........§....<.......
#.###..##..#@####(#....#####
#.............###.##.#.#
#####..###.#.........#.#
#.......÷<.............
##....#...##..#..#####.
#.##.#.#.##..#.....
#.##.#.#.##..#......
#>...................
####.#.#####.......#.


There were no monsters in sight!

Vanquished Creatures
  Jessica (D:2)
  2 worker ants
  6 adders
  An adder skeleton (D:2)
  2 worms (D:2)
  A dart slug (D:2)
  A leopard gecko (D:1)
  An orc (D:3)
  4 giant cockroaches
  5 hobgoblins
  8 jackals
  2 quokkas (D:2)
  2 ball pythons
  11 bats
  7 frilled lizards
  8 goblins
  12 kobolds
  6 rats
80 creatures vanquished.

Vanquished Creatures (others)
  A plant (D:2)
1 creature vanquished.

Grand Total: 81 creatures vanquished

Notes
Turn   | Place    | Note
-------+----------+-------------------------------------------
     0 | D:1      | tof the Demonspawn Berserker began the quest for the Orb.
     0 | D:1      | Reached XP level 1. HP: 18/18 MP: 1/1
    61 | D:1      | Gained mutation: You have large cloven feet. [demonic ancestry]
    61 | D:1      | Reached XP level 2. HP: 6/24 MP: 2/2
   294 | D:1      | Reached skill level 3 in Long Blades
   516 | D:1      | Reached ** piety under Trog
   775 | D:2      | Reached XP level 3. HP: 29/29 MP: 3/3
   800 | D:2      | Found a sparkling altar of Nemelex Xobeh.
  1164 | D:2      | Noticed Jessica
  1169 | D:2      | Killed Jessica
  1169 | D:2      | Gained mutation: You have sharp fingernails. [demonic ancestry]
  1169 | D:2      | Reached XP level 4. HP: 35/35 MP: 4/4
  1187 | D:2      | Found a sparkling altar of Nemelex Xobeh.
  1759 | D:2      | Found a shimmering altar of Xom.
  1973 | D:3      | Reached XP level 5. HP: 35/42 MP: 5/5
  2258 | D:3      | Reached *** piety under Trog
  2541 | D:3      | Reached skill level 4 in Long Blades
  2834 | D:4      | Noticed a phantom
  3255 | D:4      | HP: 2/42 [phantom (5)]
  3259 | D:4      | Succumbed to a worker ant's poison

Vault maps used:
D:1:      lightli_arrival_statuegarden, minmay_misc_feat_four_crosses
D:2:      lemuel_crystal_altar, nemelex_xobeh_ov_fountains_minmay, serial_bayou,
          serial_bayou_pond_c, serial_bayou_pond_e, serial_bayou_pond_d,
          serial_bayou_pond_e, nemelex_diamond_rough_becter, uniq_jessica
D:4:      nicolae_ossuary_entry_plus, minivault_14, uniq_blork_the_orc

Skill      XL: |  1  2  3  4  5 |
---------------+----------------+-----
Long Blades    | 3 4 |  4.1
Armour         | 2 |  2.7
Dodging        | 2 |  2.8
Fighting       | |  3.9
Shields        | |  0.7

Action                   |  1- 3 |  4- 6 || total
-------------------------+-------+-------++-------
Melee: Falchion          |    98 |   116 ||   214
       Kick              |    26 |    39 ||    65
       Scimitar          |       |    38 ||    38
  Eat: Chunk             |     1 |     7 ||     8
Armor: Animal skin       |     9 |       ||     9
       Chain mail        |    57 |   110 ||   167
Dodge: Dodged            |    76 |    62 ||   138
Block: Buckler           |       |    19 ||    19
       Rpst.: Falchion   |    25 |    12 ||    37
       Scimitar          |       |     4 ||     4

Table legend:
 A = Spawn XP
 B = Non-spawn XP
 C = Spawn XP percentage of total XP
 D = Spawn monster count
 E = Non-spawn monster count
 F = Spawn count percentage of total count
 G = Total turns spent on level
                    A         B        C        D         E        F      G
               +---------+---------+-------+---------+---------+-------+---------
         Total |       0 |     307 |   0.0 |       0 |      80 |   0.0 |  3259
               +---------+---------+-------+---------+---------+-------+---------
           D:1 |       0 |      39 |   0.0 |       0 |      25 |   0.0 |   768
           D:2 |       0 |     149 |   0.0 |       0 |      34 |   0.0 |  1151
           D:3 |       0 |      81 |   0.0 |       0 |      17 |   0.0 |  1220
           D:4 |       0 |      38 |   0.0 |       0 |       4 |   0.0 |   120
               +---------+---------+-------+---------+---------+-------+---------
